Unix NetHack Version 5.0.0-0 post-release - last build May 17 2026 04:57:42 (dc50c8380fa5e20985bfe3072449f57b8d9895ef,branch:main).

Game began 2026-05-20 02:51:46, ended 2026-05-20 03:09:23.

Corncycle, chaotic male human Rogue

     ---------
     |.....`..########                                  -----------
     |.(.(%..|       ##    ---------------              |.........|
     |`......|        #####-.............|              |.........|
     -.-------             |.............|              |..).....^.##
      @                    |..<^.........|              -------.--- #
      m                    |.............|                ######    #
                           ------|--------                #         #
                                 ##                      ##         #
                                  #                      #          #-------
                                  ######               --.--        #|.....|
                                       ###           ##-...|        #|.....|
                                         #           # |...|        #|.....|
                                         #           # |...|        #-.....|
                                         #           # |...|         -------
                                    -----.----  ###### |...|
                                    |........-###      -----
                                    |.....>..|
                                    ----------

Corncycle the Rogue     St:15 Dx:18 Co:13 In:9 Wi:10 Ch:12  Chaotic
Dlvl:4  $:67 HP:0(47) Pw:32(32) AC:7  Xp:6 T:1598 

Latest messages:
 The little dog picks up a bell.
 You see here an unlocked chest containing 3 items.
 The little dog drops a bell.
 You see here an unlocked chest containing 3 items.
 You see here an unlocked chest containing 3 items.
 What do you want to write with? [- anopx or ?*]
 You write in the dust with your fingertip.
 The rothe turns to flee.
 The little dog bites the rothe.
 The rothe misses the little dog.
 The rothe misses the little dog.
 The rothe misses the little dog.
 The little dog misses the rothe.
 Something is written here in the dust.
 You read: "Elbereth".
 You see here an unlocked chest containing 3 items.
 The little dog misses the rothe.
 The little dog misses the rothe.
 The little dog bites the rothe.
 The rothe misses the little dog.
 The rothe bites the little dog.
 The rothe bites the little dog.
 The little dog is killed!
 The rothe turns to flee.
 You see here a little dog corpse.
 You strike the rothe from behind!
 You kill the rothe!
 There is a doorway here.
 You see here a rothe corpse.
 There is a rothe corpse here; eat it? [ynq] (n)
 This rothe corpse tastes terrible!
 It is hit.
 It is hit.
 You finish eating the rothe corpse.
 You see here a bell.
 b - a +0 dagger (at the ready).
 t - an elven dagger.
 That dagger is a giant mimic!
 The giant mimic hits!
 The giant mimic hits again!
 What do you want to write with? [- abn-ptx or ?*]
 You write in the dust with your fingertip.
 The giant mimic hits!
 The giant mimic hits again!
 You die...
 Do you want your possessions identified? [ynq] (y)
 Do you want to see your attributes? [ynq] (y)
 Do you want an account of creatures vanquished? [ynaq] (y)
 Do you want to see your conduct and achievements? [ynq] (y)
 Do you want to see the dungeon overview? [ynq] (y)

Inventory:
 Coins    ('$')
  $ - 67 gold pieces
 Weapons  (')')
  b - a +0 dagger (at the ready)
  t - a blessed +0 elven dagger
  a - a +0 short sword (weapon in right hand)
  o - a +0 short sword
 Armor    ('[')
  c - an uncursed +1 leather armor (being worn)
 Comestibles  ('%')
  j - an uncursed food ration
 Scrolls  ('?')
  q - a blessed scroll of gold detection
  i - an uncursed scroll of remove curse
 Spellbooks  ('+')
  h - an uncursed spellbook of healing
  r - an uncursed spellbook of healing
 Potions  ('!')
  m - an uncursed potion of extra healing
  k - an uncursed potion of healing
  s - an uncursed potion of see invisible
  d - 2 uncursed potions of sickness
  w - an uncursed potion of water
 Rings    ('=')
  n - a cursed -1 ring of adornment
  p - an uncursed ring of invisibility
  x - an uncursed ring of shock resistance
 Tools    ('(')
  f - an empty uncursed sack
  e - an uncursed lock pick
  l - an uncursed magic whistle

Corncycle the Rogue's attributes:

Background:
 You were a Rogue, level 6 male human.
 You were chaotic, on a mission for Kos
 who was opposed by Issek (lawful) and Mog (neutral).
 You were right-handed.
 You were in the Dungeons of Doom, on level 4.
 You entered the dungeon 1598 turns ago.
 It was nighttime.
 You had 342 experience points, 298 more were needed to attain level 7.

Basics:
 You had 0 out of 47 hit points.
 You had all 32 energy points (spell power).
 Your armor class was 7.
 Your wallet contained 67 zorkmids.
 Autopickup was on for '.' plus thrown.

Final Characteristics:
 Your strength was 15 (limit:18/100).
 Your dexterity was 18 (limit:18).
 Your constitution was 13 (limit:18).
 Your intelligence was 9 (limit:18).
 Your wisdom was 10 (limit:18).
 Your charisma was 12 (limit:18).

Final Status:
 You were held by a giant mimic (south).
 You weren't hungry.
 You were unencumbered.
 You were wielding a short sword.
 You had basic skill with short sword.

Final Attributes:
 You were devoutly aligned.
 You were stealthy.
 You were warded.
 You are dead.

Miscellaneous:
 You didn't encounter any bones levels.
 Total elapsed playing time was 17 minutes and 36 seconds.

Major events:
 Turn
    1: Corncycle the chaotic male human Rogue entered the dungeon
 1144: attained the rank of Cutpurse (level 3)
 1533: attained the rank of Rogue (level 6)
 1598: killed by a giant mimic

You didn't know any spells.

Skills:
 Fighting Skills
   bare handed combat [Unskilled]
   two weapon combat  [Unskilled]
   riding             [Unskilled]
 Weapon Skills
   dagger             [Skilled]
   knife              [Unskilled]
   short sword        [Basic]
   broadsword         [Unskilled]
   long sword         [Unskilled]
   two-handed sword   [Unskilled]
   saber              [Unskilled]
   club               [Unskilled]
   mace               [Unskilled]
   morning star       [Unskilled]
   flail              [Unskilled]
   hammer             [Unskilled]
   polearms           [Unskilled]
   spear              [Unskilled]
   crossbow           [Unskilled]
   dart               [Unskilled]
   shuriken           [Unskilled]
 Spellcasting Skills
   divination spells  [Unskilled]
   escape spells      [Unskilled]
   matter spells      [Unskilled]

Voluntary challenges:
 Character rerolling was not enabled.
 You never genocided any monsters.
 You never polymorphed an object.
 You never changed form.
 You used no wishes.
Achievements:
 You attained the rank of Cutpurse.
 You attained the rank of Rogue.

 The Dungeons of Doom: levels 1 to 5
    Level 1:
       An altar.
    Level 2:
    Level 3:
       An altar, a grave.
    Level 4: <- You were here.
       Final resting place for
          you, killed by a giant mimic.
    Level 5:


Vanquished creatures:
  a large mimic
  6 small mimics
  a little dog
  a rothe
  a werejackal
  a gas spore
  a hobbit
  3 giant rats
  a cave spider
  2 geckos
  4 jackals
  2 goblins
  a sewer rat
  3 grid bugs
  a lichen
  4 newts
33 creatures vanquished.

No species were genocided or became extinct.

Game over:
                       ----------
                      /          \
                     /    REST    \
                    /      IN      \
                   /     PEACE      \
                  /                  \
                  |    Corncycle     |
                  |      67 Au       |
                  |   killed by a    |
                  |   giant mimic    |
                  |                  |
                  |                  |
                  |       2026       |
                 *|     *  *  *      | *
        _________)/\\_//(\/(/\)/\//\/|_)_______

Goodbye Corncycle the Rogue...

You died in The Dungeons of Doom on dungeon level 4 with 1629 points,
and 67 pieces of gold, after 1598 moves.
You were level 6 with a maximum of 47 hit points when you died.

